 Dungeon Crawl Stone Soup version 0.26.0-15-gc6cd9f700b (webtiles) character file.

Game seed: 12470556075180827973

252 runemasterragnar the Covered (level 6, -20/48 HPs)
             Began as a Formicid Fighter on Jan 16, 2021.
             Was an Initiate of Okawaru.
             Demolished by an orc warrior
             ... wielding a +0 trident
              (22 damage)
             ... in the Ecumenical Temple.
             The game lasted 00:03:51 (2759 turns).

runemasterragnar the Covered (Formicid Fighter)     Turns: 2759, Time: 00:03:52

Health: -20/48     AC:  9    Str: 23    XL:     6   Next: 36%
Magic:  6/6        EV:  9    Int: 13    God:    Okawaru [......]
Gold:   207        SH: 10    Dex: 12    Spells: 5/5 levels left

rFire    . . .     SeeInvis +   a - +0 war axe
rCold    . . .     Faith    .   c - +0 kite shield
rNeg     . . .     Spirit   .   b - +0 scale mail
rPois    .         Reflect  .   (helmet unavailable)
rElec    .         Harm     .   f - +0 cloak
rCorr    .         Rampage  .   o - +0 pair of gloves
Will     .....                  (no boots)
Stlth    ..........             k - amulet of regeneration
HPRegen  0.56/turn              l - +6 ring of intelligence
MPRegen  0.10/turn              (no ring)

@: mighty
A: permanent stasis, dig shafts and tunnels, four strong arms, antennae 3,
hooves 1, agile 1, sense surroundings 1, MP-powered wands
a: Dig, Renounce Religion


You were in the Ecumenical Temple.
You worshipped Okawaru.
Okawaru was noncommittal.
You visited 2 branches of the dungeon, and saw 5 of its levels.

You collected 207 gold pieces.

Inventory:

Hand Weapons
 a - a +0 war axe (weapon)
Missiles
 e - 14 bolts
 g - 7 poisoned darts
Armour
 b - a +0 scale mail (worn)
 c - a +0 kite shield (worn)
 f - a +0 cloak (worn)
 o - a +0 pair of gloves (worn)
Jewellery
 k - an amulet of regeneration (around neck)
 l - a +6 ring of intelligence (left hand)
Scrolls
 h - a scroll of fear {unknown}
 i - a scroll of identify
 j - 2 scrolls of amnesia
 m - a scroll of remove curse {unknown}
 q - a scroll of teleportation {unknown}
Potions
 r - a potion of brilliance


   Skills:
 + Level 3.9 Fighting
 * Level 3.3(3.5) Axes
 + Level 1.6(2.7) Maces & Flails
 * Level 4.5 Armour
 + Level 2.1 Dodging
 + Level 4.3 Shields
 + Level 0.0 Invocations


You had 5 spell levels left.
You didn't know any spells.
Your spell library contained the following spells:

 Spells                   Type           Power        Failure   Level
 Corona                   Hex            0%           91%         1
 Ensorcelled Hibernation  Hex/Ice        0%           97%         2
 Confusing Touch          Hex            0%           99%         3
 Dazzling Flash           Conj/Hex       0%           99%         3
 Tukima's Dance           Hex            0%           99%         3


Dungeon Overview and Level Annotations

Branches:
Dungeon (4/15)             Temple (1/1) D:4

Altars:
Fedhas
Gozag
Okawaru
Sif Muna
Xom
Yredelemnul
The Shining One


Innate Abilities, Weirdness & Mutations

You cannot be hasted, slowed, berserked, paralysed or teleported.
You can dig through walls and to a lower floor.
Your four strong arms can wield two-handed weapons with a shield.
You have a pair of large antennae on your head. (SInv)
You have large cloven feet.
You are agile. (Dex +2)
You passively map a small area around you.
You expend magic power (3 MP) to strengthen your wands.


Message History

Your feet thicken and deform.
You feel your magical essence link to the dungeon's wands.
You feel a strange attunement to the structure of the dungeons.
You feel agile. You block the orc warrior's attack.
It was a potion of berserk rage.
Your stasis prevents you from going berserk.
You block the orc warrior's attack.
You feel very mighty all of a sudden. The orc warrior barely misses you.
The orc warrior hits you from afar with a +0 trident.
* * * LOW HITPOINT WARNING * * *
You feel better.
The orc warrior hits you from afar with a +0 trident!
* * * LOW HITPOINT WARNING * * *
You block the orc warrior's attack.
You slash the orc warrior! Your kick misses the orc warrior.
The orc warrior is almost dead.
The orc warrior hits you with a +0 trident!!
You die...

#8......≈≈≈≈≈≈≈≈≈ ,
###....≈≈≈≈≈≈≈≈≈≈≈≈
≈ ####.≈≈≈≈≈≈≈≈≈≈≈
≈ #..≈...≈≈≈≈≈≈ *
##.......≈≈≈. , *
##.......≈≈≈. ,
#..._.....≈..
#8..o........ , ,
#...<@_...#.
##.......##* *
#8......# ,
###.8.### * ##### *


You could see an orc warrior.

Vanquished Creatures
  2 orc wizards (D:3)
  4 gnolls
  6 adders
  2 oozes (D:1)
  2 worms (D:2)
  4 dart slugs
  3 leopard geckos
  5 orcs
  2 ball pythons
  4 giant cockroaches
  5 hobgoblins
  8 jackals
  9 kobolds
  8 bats
  3 frilled lizards
  4 goblins
  9 rats
80 creatures vanquished.

Vanquished Creatures (others)
  2 plants (D:2)
2 creatures vanquished.

Grand Total: 82 creatures vanquished

Notes
Turn   | Place    | Note
-------+----------+-------------------------------------------
     0 | D:1      | runemasterragnar the Formicid Fighter began the quest for
                  | the Orb.
     0 | D:1      | Reached XP level 1. HP: 18/18 MP: 1/1
    48 | D:1      | Reached XP level 2. HP: 8/24 MP: 2/2
   526 | D:1      | Reached XP level 3. HP: 28/29 MP: 3/3
   682 | D:1      | Reached skill level 1 in Dodging
   972 | D:2      | Reached XP level 4. HP: 35/35 MP: 4/4
   997 | D:2      | Reached skill level 1 in Maces & Flails
  1307 | D:2      | Reached XP level 5. HP: 41/41 MP: 5/5
  2099 | D:3      | Reached XP level 6. HP: 19/48 MP: 6/6
  2563 | D:4      | Found a staircase to the Ecumenical Temple.
  2598 | Temple   | Entered the Ecumenical Temple
  2626 | Temple   | Became a worshipper of Warmaster Okawaru
  2698 | D:4      | Noticed an orc warrior
  2753 | Temple   | Gained mutation: You have large cloven feet. [potion of
                  | mutation]
  2753 | Temple   | Gained mutation: You expend magic power (3 MP) to
                  | strengthen your wands. [potion of mutation]
  2753 | Temple   | Gained mutation: You passively map a small area around you.
                  | [potion of mutation]
  2753 | Temple   | Gained mutation: You are agile. (Dex +2) [potion of
                  | mutation]
  2757 | Temple   | HP: 1/48 [orc warrior/+0 trident (17)]
  2759 | Temple   | Demolished by an orc warrior

Illustrated notes

Levels and vault maps discovered:
D:1:      elethiomel_arrival_quiet, layout_rooms, minmay_tiny_reverse_x
D:2:      layout_basic, serial_bayou_pond_a
D:3:      layout_rooms
D:4:      layout_loops_corners, minmay_temple_entry_mini_moons, glass_columns_a,
          uniq_sigmund
Temple:   nicolae_temple_hex_pool

Skill      XL: |  1  2  3  4  5 |
---------------+----------------+-----
Dodging        | 1 2 |  2.1
Maces & Flails | 1 |  1.6
Shields        | 4 |  4.3
Armour         | 4 |  4.5
Axes           | 3 |  3.3
Fighting       | |  3.9

Action                   |  1- 3 |  4- 6 || total
-------------------------+-------+-------++-------
Melee: War axe           |   100 |   169 ||   269
  Use: Potion            |       |     7 ||     7
       Scroll            |       |     1 ||     1
Armor: Scale mail        |    34 |    78 ||   112
Dodge: Dodged            |    45 |    70 ||   115
Block: Kite shield       |    60 |   116 ||   176
